 Dungeon Crawl Stone Soup version 0.31-a0-198-g2ad674f65e (webtiles) character file.

Game seed: 936533220871378025

194 qw the Skirmisher (level 5, -3/29 HPs)
             Began as a Deep Elf Hunter on June 25, 2023.
             Slain by a hobgoblin (5 damage)
             ... led by Robin
             ... on level 4 of the Dungeon.
             The game lasted 00:00:55 (1972 turns).

qw the Skirmisher (Deep Elf Hunter)                 Turns: 1972, Time: 00:00:55

Health: -3/29      AC:  5    Str: 10    XL:     5   Next: 44%
Magic:  7/7        EV: 11    Int: 14    God:
Gold:   149        SH:  0    Dex: 18    Spells: 4/4 levels left

rFire   + + .        c - +0 shortbow (heavy)
rCold   + . .        (shield currently unavailable)
rNeg    + . .        e - +0 ring mail
rPois   .            (no helmet)
rElec   .            l - scarf {rC+ rF+}
rCorr   .            (no gloves)
SInv    .            (no boots)
Will    .....        a - amulet of regeneration
Stlth   +            d - ring of protection from fire
HPRegen 1.04/turn    b - ring of positive energy
MPRegen 0.10/turn

%: no passive effects
@: no status effects
A: no striking features
a: no special abilities


You were on level 4 of the Dungeon.
You visited 1 branch of the dungeon, and saw 4 of its levels.

You collected 149 gold pieces.


   Skills:
 + Level 1.5 Fighting
 - Level 9.0 Ranged Weapons
 - Level 2.4 Dodging
 - Level 1.2 Stealth


You had 4 spell levels left.
You didn't know any spells.
Your spell library was empty.

Inventory:

Hand Weapons
 c - a +0 heavy shortbow (weapon)
Armour
 e - a +0 ring mail (worn)
 l - a scarf of resistance (worn)
Jewellery
 a - an amulet of regeneration (around neck)
 b - a ring of positive energy (right hand)
 d - a ring of protection from fire (left hand)
Scrolls
 g - a scroll of identify
Potions
 i - 2 potions of curing
 j - a potion of might
 m - a potion of resistance
 o - a potion of haste {unknown}

Dungeon Overview and Level Annotations

Branches:
Dungeon (4/15)
 Temple: D:4-7

Altars:

Annotations:
D:2 1 runed translucent door, Crazy Yiuf
D:4 Robin


Message History

You shoot an arrow. The arrow barely misses the hobgoblin.
The arrow hits the goblin!!
You kill the goblin!
The ball python barely misses you. The ball python grabs you.
The ball python constricts you. The goblin hits you but does no damage.
The hobgoblin closely misses you. The goblin hits you but does no damage.
The ball python bites you but does no damage.
The ball python constricts you.
Your Ranged Weapons skill increases to level 9!
You shoot an arrow. The arrow hits the ball python.
The ball python is moderately wounded.
The ball python bites you but does no damage.
The ball python constricts you. The goblin hits you with a +0 dagger.
The goblin hits you but does no damage.
The hobgoblin hits you but does no damage.
The goblin barely misses you. The ball python closely misses you.
The ball python constricts you. The goblin hits you but does no damage.
Robin roars a battlecry!
The goblins go into a battle-frenzy!
The hobgoblin barely misses you. The goblin closely misses you.
The goblin hits you with a +0 dagger.
You shoot an arrow. The arrow hits the ball python!
You kill the ball python!
The goblin closely misses you.
Robin roars a battlecry!
The hobgoblin misses you. The goblin misses you.
You shoot an arrow.
The arrow hits the hobgoblin but does no damage.
The hobgoblin is lightly wounded.
The goblin misses you. The hobgoblin hits you.
The hobgoblin hits you but does no damage.
The goblin hits you but does no damage. The goblin hits you with a +0 dagger.
The hobgoblin closely misses you. The goblin completely misses you.
The goblin hits you with a +0 dagger. The goblin barely misses you.
The hobgoblin hits you but does no damage.
You shoot an arrow. The arrow hits the hobgoblin.
The hobgoblin is almost dead.
The goblin completely misses you. The goblin closely misses you.
The hobgoblin hits you.
You die...

......... .. ..
.(..... .. .
..###....#)#?
.. ......$.. )
!..
..........#....
#...(g#)$....


#.ggggo.# #..#@# #.%gg# ##...g# ###...#.# #.......# #.#.#..## ##.#.##..#
#.#..#.###..# #...<..# #..# You could see Robin, an orc, 2 hobgoblins and 5
goblins.

Vanquished Creatures
  An orc priest (D:3)
  2 gnolls (D:1)
  5 adders
  A worm (D:4)
  A dart slug (D:1)
  13 orcs
  8 ball pythons
  5 bats
  4 endoplasms
  2 giant cockroaches
  9 goblins
  3 hobgoblins
  7 jackals
  8 kobolds
  5 frilled lizards
  4 rats
78 creatures vanquished.

Notes
Turn   | Place    | Note
-------+----------+-------------------------------------------
     0 | D:1      | qw the Deep Elf Hunter began the quest for the Orb.
     0 | D:1      | Reached XP level 1. HP: 12/12 MP: 3/3
     0 | D:1      | 0 ||| qw: Version: 0.3-a-22-g0ed2b0b
     0 | D:1      | 0 ||| qw: Game counter: 5466
     0 | D:1      | 0 ||| qw: Melee chars always use a shield: true
     0 | D:1      | 0 ||| qw: God list: Okawaru
     0 | D:1      | 0 ||| qw: Allow faded altars: false
     0 | D:1      | 0 ||| qw: Do Orc after clearing Dungeon:15 true
     0 | D:1      | 0 ||| qw: Do second Lair branch before Depths: true
     0 | D:1      | 0 ||| qw: Lair rune preference: random
     0 | D:1      | 0 ||| qw: Goals: Normal
     0 | D:1      | 0 ||| PLANNING D:1-11
    72 | D:1      | Reached skill level 6 in Ranged Weapons
    72 | D:1      | Reached XP level 2. HP: 16/16 MP: 4/4
   331 | D:1      | Reached XP level 3. HP: 20/20 MP: 5/5
   606 | D:1      | 606 ||| UPGRADING to +0 ring mail.
   616 | D:1      | 616 ||| DROPPING +0 leather armour.
   618 | D:1      | 618 ||| UPGRADING to ring of protection from fire.
   619 | D:1      | 619 ||| READING scroll labelled WEIJ MUEGI.
   720 | D:1      | 720 ||| READING 3 scrolls labelled ZUEZOICH HEYXA.
   721 | D:1      | 721 ||| READING scroll labelled FEARUA PUTHRALL.
   722 | D:1      | 722 ||| READING 2 scrolls of identify.
   722 | D:1      | 722 ||| IDENTIFYING bubbling clear potion
   723 | D:1      | 723 ||| DROPPING scroll of butterflies.
   775 | D:2      | Reached skill level 7 in Ranged Weapons
   873 | D:2      | Reached XP level 4. HP: 25/25 MP: 6/6
  1073 | D:2      | Found a runed translucent door.
  1074 | D:2      | Noticed Crazy Yiuf
  1163 | D:2      | 1163 ||| UPGRADING to scarf of resistance.
  1168 | D:2      | 1168 ||| UPGRADING to amulet of regeneration.
  1173 | D:2      | 1173 ||| UPGRADING to ring of positive energy.
  1174 | D:2      | 1174 ||| READING scroll labelled OTAIRO CAUHOTZ.
  1207 | D:2      | 1207 ||| READING scroll labelled IXAPSOOKHLYNT.
  1208 | D:2      | 1208 ||| READING scroll labelled ERAX KIOQY.
  1209 | D:2      | 1209 ||| DRINKING 2 black potions.
  1210 | D:2      | 1210 ||| READING 2 scrolls of identify.
  1210 | D:2      | 1210 ||| IDENTIFYING fuming amethyst potion
  1211 | D:2      | 1211 ||| DROPPING potion of lignification.
  1478 | D:3      | Reached skill level 8 in Ranged Weapons
  1564 | D:3      | 1564 ||| Stepping ~*~*~tactically~*~*~ (outnumbered).
  1565 | D:3      | 1565 ||| Stepping ~*~*~tactically~*~*~ (outnumbered).
  1572 | D:3      | Reached XP level 5. HP: 21/29 MP: 7/7
  1876 | D:3      | 1876 ||| READING scroll labelled XYGER MUEPPIMM.
  1877 | D:3      | 1877 ||| READING scroll labelled OSO KIRUQOIFI.
  1878 | D:3      | 1878 ||| READING scroll labelled YTUIZOUDEZU.
  1879 | D:3      | 1879 ||| READING 3 scrolls of identify.
  1879 | D:3      | 1879 ||| IDENTIFYING bubbling orange potion
  1880 | D:3      | 1880 ||| READING 2 scrolls of identify.
  1880 | D:3      | 1880 ||| IDENTIFYING fuming emerald potion
  1881 | D:3      | 1881 ||| DROPPING potion of berserk rage.
  1883 | D:3      | 1883 ||| Stepping ~*~*~tactically~*~*~ (cloud).
  1963 | D:4      | Noticed Robin
  1964 | D:4      | HP: 5/29 [goblin/runed dagger[Robin] (20)]
  1969 | D:4      | Reached skill level 9 in Ranged Weapons
  1969 | D:4      | HP: 7/29 [goblin/+0 dagger[Robin] (1)]
  1971 | D:4      | HP: 1/29 [goblin/+0 dagger[Robin] (4)]
  1972 | D:4      | Slain by a hobgoblin

Levels and vault maps discovered:
D:1:      lightli_molten_gateway, layout_basic
D:2:      layout_rooms, uniq_crazy_yiuf_cottage
D:3:      layout_basic
D:4:      layout_rooms, minmay_misc_feat_columns, uniq_robin

Skill      XL: |  1  2  3  4  5 |
---------------+----------------+-----
Ranged Weapons | 6 7 8 9 |  9.0
Fighting       | |  1.5
Dodging        | |  2.4
Stealth        | |  1.2

Action                     |  1- 3 |  4- 6 || total
---------------------------+-------+-------++-------
   Fire: Shortbow          |    69 |   112 ||   181
    Use: Scroll            |     4 |     9 ||    13
         Potion            |       |     1 ||     1
 Armour: Leather armour    |     2 |       ||     2
         Ring mail         |       |    40 ||    40
  Dodge: Dodged            |     9 |    77 ||    86

Table legend:
 A = Non-vault XP
 B = Vault XP
 C = Vault XP percentage of total XP
 D = Non-vault monster count
 E = Vault monster count
 F = Vault count percentage of total count
                 A         B        C        D         E       F
            +---------+---------+-------+---------+---------+-------
      Total |     271 |       7 |   2.5 |      74 |       4 |   5.1
            +---------+---------+-------+---------+---------+-------
        D:1 |      60 |       0 |   0.0 |      18 |       0 |   0.0
        D:2 |      62 |       0 |   0.0 |      18 |       0 |   0.0
        D:3 |     115 |       0 |   0.0 |      30 |       0 |   0.0
        D:4 |      34 |       7 |  17.1 |       8 |       4 |  33.3
            +---------+---------+-------+---------+---------+-------
